Map: King Sejong Station LE

Players

ggMaximus

  • Race: Protoss Protoss
  • League: Gold

Nickos - Winner!

  • Race: Terran Terran
  • League: Gold

VOD

Have the link to the VOD?

Description

Time

  • Played on: Sept. 24, 2016, 4:54 a.m.
  • Length: 12:04
Show
View Real Time Build Order
Export as new Build Order

ggMaximus Protoss 

Build Orders: 1 Gate Expand 

Get SALT Encoding   

  12  0:01  Probe (Chrono Boost)  
  13  0:12  Probe (Chrono Boost)  
  14  0:19  Pylon  
  14  0:23  Probe (Chrono Boost)  
  15  0:37  Probe (Chrono Boost)  
  16  0:42  Gateway  
  16  0:47  Assimilator  
  16  0:48  Probe (Chrono Boost)  
  17  0:59  Probe (Chrono Boost)  
  18  1:09  Probe (Chrono Boost)  
  19  1:20  Probe (Chrono Boost)  
  20  1:39  Nexus  
  20  1:42  Pylon  
  20  1:46  Cybernetics Core  
  20  1:50  Probe (Chrono Boost)  
  22  2:01  Probe (Chrono Boost)  
  22  2:02  Assimilator  
  22  2:12  Probe (Chrono Boost)  
  23  2:22  Probe (Chrono Boost)  
  24  2:33  Mothership Core (Chrono Boost)  
  24  2:34  Adept  
  28  2:45  Robotics Facility  
  28  2:52  Warp Gate  
  28  2:54  Probe (Chrono Boost)  
  30  2:58  Probe (Chrono Boost)  
  30  3:05  Probe (Chrono Boost)  
  31  3:09  Probe (Chrono Boost)  
  32  3:14  Pylon  
  32  3:15  Probe (Chrono Boost)  
  32  3:19  Probe (Chrono Boost)  
  34  3:26  Probe (Chrono Boost)  
  35  3:30  Probe (Chrono Boost)  
  36  3:36  Probe (Chrono Boost), Forge  
  36  3:40  Probe (Chrono Boost)  
  38  3:47  Probe (Chrono Boost)  
  39  3:51  Probe (Chrono Boost)  
  40  3:55  Gateway  
  40  3:57  Gateway  
  40  3:58  Probe (Chrono Boost)  
  40  3:59  Gateway  
  40  4:01  Gateway  
  41  4:08  Probe (Chrono Boost)  
  42  4:13  Gateway, Protoss Ground Weapons Level 1  
  42  4:15  Gateway  
  42  4:19  Probe (Chrono Boost)  
  43  4:25  Observer  
  44  4:41  Gateway  
  44  4:46  Observer  
  45  5:21  Adept x4  
  53  5:38  Pylon  
  53  5:39  Pylon  
  53  5:41  Pylon  
  53  5:43  Pylon  
  53  5:56  Warp Prism  
  55  6:00  Pylon  
  55  6:02  Pylon  
  55  6:04  Assimilator  
  55  6:18  Adept x2  
  55  6:19  Adept x5  
  69  6:53  Assimilator  
  69  6:58  Adept x3  
  69  6:59  Adept x4  
  83  7:20  Adept  
  83  7:21  Adept x5  
  83  7:22  Adept x2  
  49  7:49  Adept x3  
  49  7:50  Adept x5  
  65  8:06  Pylon  
  65  8:14  Adept x5  
  65  8:15  Adept x3  
  79  8:34  Stalker  
  79  8:35  Stalker x2  
  80  8:47  Adept x5  
  58  9:01  Adept x3  
  60  9:13  Adept x3  
  60  9:15  Adept  
  62  9:18  Stalker  
  62  9:49  Stalker x3  
  58  10:04  Stalker  
  58  10:05  Stalker  
  27  10:25  Robotics Bay  
  27  10:29  Stalker  
  27  10:30  Stalker  
  27  10:31  Adept x4  
  27  10:32  Adept  
  41  10:37  Probe (Chrono Boost)  
  42  10:47  Probe (Chrono Boost)  
  43  10:55  Nexus  
  43  10:58  Probe (Chrono Boost), Pylon  
  44  11:08  Probe (Chrono Boost)  
  43  11:19  Probe (Chrono Boost), Zealot x2  
  43  11:20  Zealot x4  
  34  11:38  Zealot  
Show
View Real Time Build Order
Export as new Build Order

Nickos Terran - Winner!

Build Orders: MMM Bio 

Get SALT Encoding   

  12  0:01  SCV  
  13  0:13  SCV  
  14  0:17  Supply Depot  
  14  0:27  SCV  
  15  0:39  SCV  
  15  0:40  Barracks  
  16  0:51  SCV  
  17  1:03  SCV  
  18  1:17  Command Center  
  18  1:21  SCV  
  19  1:33  SCV  
  19  1:34  Marine  
  21  1:40  Barracks  
  21  1:57  Orbital Command  
  21  2:04  Bunker  
  21  2:06  Supply Depot  
  21  2:07  Marine  
  22  2:23  SCV  
  22  2:28  Marine  
  24  2:33  Barracks  
  24  2:35  SCV  
  24  2:36  Orbital Command  
  25  2:38  Marine  
  26  2:46  Marine  
  26  2:47  SCV  
  26  2:50  Refinery  
  28  2:53  Refinery  
  28  2:56  Marine  
  29  2:59  SCV  
  29  3:02  SCV  
  29  3:03  Marine  
  32  3:11  SCV  
  33  3:14  SCV  
  34  3:20  Marine  
  34  3:23  Barracks Tech Lab  
  35  3:27  SCV x2  
  35  3:28  Marine  
  38  3:39  SCV x2  
  40  3:49  Supply Depot, Barracks Reactor  
  40  3:51  SCV  
  40  3:53  SCV  
  40  3:54  Marauder  
  40  3:55  Barracks Reactor  
  44  4:03  SCV  
  44  4:05  SCV  
  44  4:08  Factory  
  46  4:14  Supply Depot  
  46  4:15  SCV  
  46  4:16  Marauder  
  50  4:17  SCV  
  50  4:27  Stimpack  
  50  4:28  SCV  
  50  4:29  SCV  
  52  4:33  Marine x2  
  52  4:35  Marine x2  
  52  4:37  Marauder  
  58  4:38  Supply Depot  
  58  4:40  SCV  
  58  4:43  Engineering Bay, Supply Depot  
  58  4:44  Engineering Bay  
  59  4:46  SCV  
  60  4:53  SCV  
  60  4:58  SCV  
  62  5:01  Supply Depot  
  62  5:05  Supply Depot, SCV  
  62  5:06  Refinery  
  63  5:10  Factory Reactor, SCV  
  63  5:12  Starport  
  64  5:17  SCV  
  64  5:18  Terran Infantry Weapons Level 1  
  65  5:22  SCV  
  65  5:24  Marauder  
  65  5:28  Command Center, Marine x4  
  70  5:29  SCV  
  70  5:34  Missile Turret, SCV  
  70  5:35  Supply Depot  
  74  5:45  SCV  
  74  5:49  SCV  
  76  5:50  Marine  
  76  5:51  Marine x2  
  80  5:57  SCV  
  80  5:58  Terran Infantry Armor Level 1  
  80  6:01  Supply Depot  
  80  6:06  Missile Turret, SCV  
  80  6:07  Marine x2  
  80  6:08  Medivac x2  
  80  6:09  SCV  
  80  6:10  Marine x3  
  91  6:20  Armory  
  91  6:21  SCV x2  
  91  6:25  Marauder  
  95  6:32  Combat Shields  
  95  6:33  SCV x2  
  95  6:34  Marine x2  
  95  6:35  Marine x2  
  100  6:43  Liberator  
  100  6:44  Orbital Command  
  100  6:46  Marine  
  101  6:49  Medivac  
  101  6:52  Marine  
  101  6:53  Supply Depot  
  104  6:56  Supply Depot  
  104  6:59  Marine x3  
  110  7:04  Marine  
  111  7:10  SCV x3, Marine  
  115  7:21  Marine  
  115  7:22  SCV, Marine x3  
  102  7:23  Medivac  
  101  7:37  SCV x3  
  98  7:39  Liberator  
  98  7:40  Liberator  
  100  7:49  Barracks, SCV  
  100  7:50  Barracks  
  106  7:51  Barracks  
  107  8:02  Marine  
  107  8:03  Marine x4  
  112  8:10  Orbital Command  
  112  8:12  Terran Infantry Weapons Level 2  
  112  8:17  Refinery  
  112  8:20  Marine x2  
  112  8:22  Marauder  
  116  8:28  Marine x2  
  118  8:38  Marine x2  
  117  8:42  Marine  
  117  8:46  Marine  
  117  8:47  Marine x3  
  116  8:49  Marine  
  113  8:56  Marine x2  
  113  9:00  Medivac x2  
  116  9:05  Marine  
  116  9:06  Barracks Tech Lab x2  
  116  9:07  Barracks Tech Lab  
  117  9:23  Marine x2  
  117  9:24  Marine x3  
  119  9:26  Marauder  
  119  9:27  Marauder x2  
  119  9:30  Medivac  
  126  9:42  Marauder  
  128  9:47  Marine x4  
  128  9:48  Marauder x3  
  128  9:49  Medivac  
  140  9:59  Supply Depot x2  
  140  10:00  Supply Depot  
  140  10:04  Marine, Concussive Shells  
  141  10:10  Marine x3  
  141  10:19  Medivac  
  141  10:20  Medivac  
  141  10:21  Marauder x4  
  150  10:22  Marine  
  150  10:28  Marine x3  
  154  10:35  Supply Depot  
  154  10:38  Supply Depot  
  154  10:40  Marine  
  154  10:42  Marauder, Marine  
  158  10:49  Medivac  
  160  10:52  Marauder  
  160  10:53  Marauder  
  164  11:00  Marauder  
  164  11:03  Command Center  
  164  11:04  Marauder  
  168  11:05  Marine  
  168  11:06  Marine x2  
  171  11:13  Marine  
  171  11:14  Marauder x2  
  176  11:20  Medivac  
  176  11:21  Marauder  
  176  11:23  Marine  
  181  11:31  Marine  
  181  11:33  Marauder, Marine x2  
  181  11:35  Marauder  
  180  11:41  Marine  
Tags
 
Add a new tag
Caveats
  • Supply blocks, unpowered buildings, or Contaminate may cause inaccurate times.
  • Supply counts are checked every 10 seconds.